 Dungeon Crawl Stone Soup version 0.30-a0-782-ge64f9170bb (webtiles) character file.

Game seed: 6763170217598990560

108 Querens the Trooper (level 4, -1/29 HPs)
             Began as a Gargoyle Fighter on Feb 24, 2023.
             Slain by an orc wizard
             ... wielding a +0 dagger
              (2 damage)
             ... on level 3 of the Dungeon.
             The game lasted 00:03:59 (1349 turns).

Querens the Trooper (Gargoyle Fighter)              Turns: 1349, Time: 00:03:59

Health: -1/29      AC:  7    Str: 22    XL:     4   Next: 87%
Magic:  4/4        EV:  8    Int:  8    God:
Gold:   80         SH:  0    Dex:  9    Spells: 3/3 levels left

rFire   . . .      SeeInvis .    a - +0 war axe
rCold   . . .      Faith    .    k - +0 kite shield
rNeg    + . .      Spirit   .    b - +0 scale mail
rPois   ∞          Reflect  .    (no helmet)
rElec   +          Harm     .    (no cloak)
rCorr   .          Rampage  .    (no gloves)
Will    .....                    (no boots) Stlth
                                 (no amulet)
HPRegen 0.24/turn                (no ring)
MPRegen 0.09/turn                (no ring)

@: confused
A: sickness immunity, AC +3, negative energy resistance 1, electricity
resistance, torment resistance 1, petrification resistance, deformed body,
mutation resistance 1
a: no special abilities


You were on level 3 of the Dungeon.
You visited 1 branch of the dungeon, and saw 3 of its levels.

You collected 80 gold pieces.

Inventory:

Hand Weapons
 a - a +0 war axe (weapon)
Armour
 b - a +0 scale mail (worn)
 k - a +0 kite shield (worn)
Scrolls
 e - 4 scrolls of teleportation {unknown}
 f - a scroll of poison {unknown}
 i - 3 scrolls of identify {unknown}
 j - a scroll of butterflies {unknown}
Potions
 c - a potion of brilliance {unknown}
 d - a potion of might
 g - a potion of mutation
 h - a potion of ambrosia {unknown}
 l - a potion of heal wounds {unknown}


   Skills:
 + Level 4.1 Fighting
 + Level 2.6 Axes
 + Level 4.1 Armour
 + Level 4.1 Shields


You had 3 spell levels left.
You didn't know any spells.
Your spell library was empty.

Dungeon Overview and Level Annotations

Branches:
Dungeon (3/15)

Altars:


Innate Abilities, Weirdness & Mutations

You are immune to sickness and miasma.
Your stone body is resilient. (AC +3)
You are immune to poison.
You resist negative energy. (rN+)
You are resistant to electric shocks. (rElec)
You are resistant to unholy torment.
You are immune to petrification.
Armour fits poorly on your strangely shaped body.
You are somewhat resistant to further mutation.


Message History

You closely miss the orc priest.
The orc priest is moderately wounded.
You hit the orc wizard. You closely miss the orc.
The orc priest hits you with a +1 flail of protection.
You block the orc's attack.
The orc wizard hits you with a +0 dagger.
You slash the orc priest!
You kill the orc priest!
You miss the orc wizard. You closely miss the orc.
The orc wizard casts a spell.
The orc wizard flickers and vanishes!
Deactivating autopickup; reactivate with Ctrl-A.
The orc completely misses you. Something hits you but does no damage.
You block the orc's attack.
Your Fighting skill increases to level 4!
Something hits you.
You see here a +1 flail of protection.
You hit the orc but do no damage.
The orc is severely wounded.
You barely miss something. Something hits you.
* * * LOW HITPOINT WARNING * * *
The orc hits you with a +0 hand axe.
* * * LOW HITPOINT WARNING * * *
You slash the orc!
You kill the orc!
You miss something.
Something hits you but does no damage. x2
You closely miss something. Something hits you but does no damage.
You miss something.
Something hits you but does no damage. x2
You barely miss something. Something hits you but does no damage.
You closely miss something.
You hear some strange, mumbled words.
You are confused.
You hear some strange, mumbled words.
A magic dart appears from out of thin air!
The magic dart hits you.
* * * LOW HITPOINT WARNING * * *
It was a potion of mutation.
You feel extremely strange.
Your body twists and deforms.
You feel genetically stable. Something hits you.
You die...

#........ #.......#
.##.......# ..
.........# ..
#.......# .
#.......# #.#
###.......# #
...####.....)@..# #
#.......#..){...#
####..............##
.##................#
.##................#
..#................#
#..................#
.##..).............#
..#................#


There were no monsters in sight!

Vanquished Creatures
  An orc priest (D:3)
  2 adders (D:2)
  2 worms (D:2)
  A dart slug (D:1)
  3 orcs (D:3)
  2 endoplasms
  A giant cockroach (D:3)
  5 goblins (D:1)
  6 hobgoblins
  4 jackals (D:1)
  2 quokkas (D:1)
  9 ball pythons
  4 bats
  3 frilled lizards
  4 kobolds
  2 rats (D:1)
51 creatures vanquished.

Notes
Turn   | Place    | Note
-------+----------+-------------------------------------------
     0 | D:1      | Querens the Gargoyle Fighter began the quest for the Orb.
     0 | D:1      | Reached XP level 1. HP: 14/14 MP: 1/1
    81 | D:1      | Reached XP level 2. HP: 19/19 MP: 2/2
   360 | D:1      | Reached XP level 3. HP: 20/23 MP: 3/3
   829 | D:2      | Found a faded altar of an unknown god.
   940 | D:2      | Reached XP level 4. HP: 29/29 MP: 4/4
  1348 | D:3      | HP: 1/29 [something/magic dart (4)]
  1349 | D:3      | Gained mutation: Armour fits poorly on your strangely
                  | shaped body. [potion of mutation]
  1349 | D:3      | Gained mutation: You are somewhat resistant to further
                  | mutation. [potion of mutation]
  1349 | D:3      | Slain by an orc wizard

Illustrated notes

Levels and vault maps discovered:
D:1:      saegor_arrival_simple_c, layout_loops_corners,
          minmay_misc_feat_columns
D:2:      layout_rooms, serial_rivers, chequers_serial_rivers_micro_a,
          chequers_serial_rivers_large_b, chequers_serial_rivers_room_a,
          chequers_serial_rivers_micro_e, chequers_serial_rivers_micro_b,
          chequers_serial_rivers_micro_c, ebering_ecumenical_altar_hall,
          minmay_misc_feat_iff
D:3:      layout_rooms, mainiacjoe_overflow_catch_the_wave

Skill      XL: |  1  2  3  4 |
---------------+-------------+-----
Axes           | 2 |  2.6
Armour         | 4 |  4.1
Shields        | 4 |  4.1
Fighting       | 4 |  4.1

Action                     |  1- 3 |  4- 6 || total
---------------------------+-------+-------++-------
  Melee: War axe           |    99 |    43 ||   142
    Use: Potion            |       |     1 ||     1
 Armour: Scale mail        |    58 |    33 ||    91
  Dodge: Dodged            |    46 |    26 ||    72
  Block: Buckler           |    23 |       ||    23
         Kite shield       |       |    29 ||    29

Table legend: (Time is in decaauts)
 A = Elapsed time spent in this place.
 B = Non-inter-level travel time spent in this place.
 C = Inter-level travel time spent in this place.
 D = Time resting spent in this place.
 E = Time spent auto-exploring this place.
 F = Levels seen in this place.
 G = Mean time per level.
                   A        B        C        D        E       F      G
               +--------+--------+--------+--------+--------+-----+--------+
         Total |   1438 |   1311 |    127 |      0 |     16 |   3 |  479.3 |
       Dungeon |   1438 |   1311 |    127 |      0 |     16 |   3 |  479.3 |
               +--------+--------+--------+--------+--------+-----+--------+

Top non-repeatable levels by time:
     D:1: 800 daAuts
     D:2: 515 daAuts
     D:3: 123 daAuts
